 Dungeon Crawl Stone Soup version 0.29-a0-330-g52719c12eb (webtiles) character file.

Game seed: 7520621601911711491

23 inmateoo the Ruffian (level 2, -2/23 HPs)
             Began as a Minotaur Transmuter on Apr 23, 2022.
             Slain by an orc
             ... wielding a +0 hand axe
              (3 damage)
             ... on level 1 of the Dungeon.
             The game lasted 00:00:53 (634 turns).

inmateoo the Ruffian (Minotaur Transmuter)           Turns: 634, Time: 00:00:54

Health: -2/23      AC:  2    Str: 14    XL:     2   Next: 75%
Magic:  3/3        EV: 12    Int: 10    God:
Gold:   63         SH:  0    Dex: 10    Spells: 1/4 levels left

rFire   . . .      SeeInvis .     - Unarmed
rCold   . . .      Faith    .   (no shield)
rNeg    . . .      Spirit   .   a - +0 robe
rPois   .          Reflect  .   (helmet restricted)
rElec   .          Harm     .   (no cloak)
rCorr   .          Rampage  .   (no gloves)
Will    .....                   (no boots)
Stlth   +.........              (no amulet)
HPRegen 0.07/turn               (no ring)
MPRegen 0.08/turn               (no ring)

@: no status effects
A: horns 2, retaliatory headbutt
a: no special abilities


You were on level 1 of the Dungeon.
You visited 1 branch of the dungeon, and saw 2 of its levels.

You collected 63 gold pieces.

Inventory:

Armour
 a - a +0 robe (worn)
Jewellery
 i - a ring of willpower
Scrolls
 d - 2 scrolls of enchant armour {unknown}
 e - a scroll of immolation {unknown}
 h - a scroll of blinking {unknown}
 j - a scroll of fog {unknown}
 k - a scroll of amnesia {unknown}
 l - a scroll of identify {unknown}
 m - a scroll of noise {unknown}
Potions
 b - a potion of lignification
 c - a potion of mutation {unknown}
 f - a potion of curing {unknown}
 g - 2 potions of degeneration {unknown}


   Skills:
 + Level 1.6 Fighting
 + Level 2.5 Dodging
 * Level 3.7 Unarmed Combat
 + Level 1.5 Spellcasting
 + Level 1.8 Transmutations


You had one spell level left.
You knew the following spells:

 Your Spells              Type           Power      Damage    Failure   Level
a - Beastly Appendage     Tmut           8%         N/A       16%         1
b - Wereblood             Tmut           4%         N/A       24%         2

Your spell library contained the following spells:

 Spells                   Type           Power      Damage    Failure   Level
 Static Discharge         Conj/Air       0%         N/A       45%         2
 Spider Form              Tmut/Pois      2%         N/A       56%         3
 Ice Form                 Ice/Tmut       2%         N/A       92%         4
 Lightning Bolt           Conj/Air       0%         1d11      100%        5
 Maxwell's Capacitive Co  Air            0%         ∞         100%        8


Dungeon Overview and Level Annotations

Branches:
Dungeon (2/15)

Altars:


Innate Abilities, Weirdness & Mutations

You have a pair of horns on your head.
You reflexively headbutt those who attack you in melee.


Message History

No target in view!
No target in view!
You now have 63 gold pieces (gained 5).
HP restored.
An orc comes into view. It is wielding a +0 hand axe.
An orc comes into view. It is wielding a +0 club.
The orc shouts!
You hear a shout!
Casting: Beastly Appendage (safe; 16% risk of failure)
Confirm with . or Enter, or press ? or * to list all spells.
Your feet morph into talons.
The orc wizard shouts!
You barely miss the orc. The orc barely misses you.
The orc wizard gestures wildly while chanting.
The orc wizard flickers and vanishes!
Deactivating autopickup; reactivate with Ctrl-A.
The orc attacks as you move away! The orc closely misses you.
The orc attacks as you move away! The orc closely misses you.
There is a stone staircase leading up here.
Your talons disappear.
The orc hits you with a +0 hand axe.
The orc priest calls down the wrath of Beogh upon you.
Beogh smites you!
You climb upwards.
Reactivating autopickup.
There is a stone staircase leading down here.
You barely miss the orc. You headbutt the orc.
The orc is moderately wounded.
The orc hits you with a +0 hand axe.
You hit the orc but do no damage.
The orc is moderately wounded.
The orc hits you with a +0 hand axe.
* * * LOW HITPOINT WARNING * * *
You are too injured to fight recklessly!
You hit the orc but do no damage.
The orc is moderately wounded.
The orc barely misses you.
Unknown command.
The orc attacks as you move away! The orc closely misses you.
The orc attacks as you move away! The orc hits you with a +0 hand axe.
You die...

.'..#
#.....##'####
#.######
.#..#
#...........#
#.#...##
.#..#
#...........#
#.#...'.
##..#
#...........#
#.#...##
♣♣.##
#.....##.####
#.##.).# ♣..#
#.....##.#
#......# .###
###..>...#
####...# .#
#.##o###
##### ##
#..@..#
#######


You could see an orc.

Vanquished Creatures
  A dart slug (D:1)
  An endoplasm (D:1)
  2 giant cockroaches (D:1)
  4 goblins (D:1)
  3 hobgoblins
  2 quokkas (D:1)
  3 bats (D:1)
  A frilled lizard (D:1)
  2 rats (D:1)
19 creatures vanquished.

Notes
Turn   | Place    | Note
-------+----------+-------------------------------------------
     0 | D:1      | inmateoo the Minotaur Transmuter began the quest for the
                  | Orb.
     0 | D:1      | Reached XP level 1. HP: 16/16 MP: 1/1
   259 | D:1      | Reached XP level 2. HP: 23/23 MP: 3/3
   558 | D:1      | Learned a level 2 spell: Wereblood
   630 | D:1      | HP: 1/23 [orc/+0 hand axe (6)]
   634 | D:1      | Slain by an orc

Illustrated notes

Levels and vault maps discovered:
D:1:      sevenhm_arrival_forest_fort_small_6, layout_basic
D:2:      layout_basic, ebering_ecumenical_altar_box

Action                   || total
-------------------------++-------
Melee: Unarmed           ||    52
       Headbutt          ||     6
       Kick              ||     2
       Punch             ||     1
 Cast: Beastly Appendage ||     3
 Stab: Sleeping          ||     1
Armor: Robe              ||     8
Dodge: Dodged            ||    28

Table legend: (Time is in decaauts)
 A = Elapsed time spent in this place.
 B = Non-inter-level travel time spent in this place.
 C = Inter-level travel time spent in this place.
 D = Time resting spent in this place.
 E = Time spent auto-exploring this place.
 F = Levels seen in this place.
 G = Mean time per level.
                   A        B        C        D        E       F      G
               +--------+--------+--------+--------+--------+-----+--------+
         Total |    630 |    598 |     32 |     92 |    340 |   2 |  315.0 |
       Dungeon |    630 |    598 |     32 |     92 |    340 |   2 |  315.0 |
               +--------+--------+--------+--------+--------+-----+--------+

Top non-repeatable levels by time:
     D:1: 593 daAuts
     D:2: 37 daAuts
